 Dungeon Crawl Stone Soup version 0.27.0-1-g7a089689b8 (webtiles) character file.

Game seed: 14670483005512963349

202 Strat the Chopper (level 5, -10/46 HPs)
             Began as a Minotaur Delver on Aug 12, 2021.
             Mangled by an ice beast (14 damage)
             ... on level 6 of the Dungeon.
             The game lasted 00:02:02 (277 turns).

Strat the Chopper (Minotaur Delver)                  Turns: 277, Time: 00:02:03

Health: -10/46     AC:  3    Str: 17    XL:     5   Next: 50%
Magic:  4/4        EV: 12    Int:  7    God:
Gold:   31         SH:  0    Dex: 12    Spells: 4/4 levels left

rFire    . . .     SeeInvis .   a - +0 hand axe
rCold    . . .     Faith    .   (no shield)
rNeg     . . .     Spirit   .   h - +0 leather armour
rPois    .         Reflect  .   (helmet restricted)
rElec    .         Harm     .   (no cloak)
rCorr    .         Rampage  .   (no gloves)
Will     .....                  (no boots)
Stlth    ++........             (no amulet)
HPRegen  0.15/turn              (no ring)
MPRegen  0.09/turn              (no ring)

@: marked, hasted, very quick
A: horns 2, retaliatory headbutt
a: no special abilities


You were on level 6 of the Dungeon.
You visited 1 branch of the dungeon, and saw 3 of its levels.

You collected 31 gold pieces.

Inventory:

Hand Weapons
 a - a +0 hand axe (weapon)
 b - a +0 shortbow
Missiles
 i - 44 arrows
Armour
 h - a +0 leather armour (worn)
Wands
 g - a wand of digging (3)
Scrolls
 c - a scroll of fog
 e - 2 scrolls of fear
Potions
 j - 2 potions of brilliance {unknown}


   Skills:
 + Level 4.3 Fighting
 + Level 6.2 Axes
 - Level 2.0 Armour
 - Level 2.1 Dodging
 - Level 4.1 Stealth


You had 4 spell levels left.
You didn't know any spells.
Your spell library contained the following spells:

 Spells                   Type           Power      Damage    Failure   Level
 Stone Arrow              Conj/Erth      0%         3d7       86%         3
 Animate Armour           Summ/Erth      0%         N/A       99%         4
 Lehudib's Crystal Spear  Conj/Erth      0%         10d2      100%        8


Dungeon Overview and Level Annotations

Branches:
Dungeon (6/15)
 Temple: D:4-7

Altars:


Innate Abilities, Weirdness & Mutations

You have a pair of horns on your head.
You reflexively headbutt those who attack you in melee.


Message History

You hear a bark!
You hear a shout! x2
A hound comes into view.
You hear a shout!
An ice beast comes into view.
The hound pauses to sniff the ground.
There is a stone staircase leading down here.
The hound bites you but does no damage. The hound bites you.
* * * LOW HITPOINT WARNING * * *
You miss the hound. Your headbutt misses the hound.
The hound barely misses you. The hound misses you. You furiously retaliate!
You headbutt the hound, but do no damage.
You hit the hound but do no damage. You headbutt the hound!
The hound is heavily wounded.
The hound barely misses you.
You hit the hound.
The hound is severely wounded.
The hound barely misses you. You furiously retaliate!
You headbutt the hound.
You kill the hound!
Okay, then.
You feel yourself speed up.
You hit the ice beast.
The ice beast is lightly wounded.
You hit the ice beast. Your headbutt misses the ice beast.
The ice beast is moderately wounded.
The ice beast hits you.
* * * LOW HITPOINT WARNING * * *
The ice beast freezes you!
* * * LOW HITPOINT WARNING * * *
You hit the ice beast. Your headbutt misses the ice beast.
The ice beast is moderately wounded.
The ice beast barely misses you.
You hit the ice beast.
The ice beast is moderately wounded.
You hit the ice beast but do no damage. You headbutt the ice beast.
The ice beast is heavily wounded.
The ice beast hits you.
* * * LOW HITPOINT WARNING * * *
The ice beast freezes you!
You die...

# ##......##.#.##.#
#*******######...[#.#*.#
..,,,,,,,*** ####...#*.#
...,,,,,,,,** #....#*.#*
###,,,,,,,,,**
#>..)#,,,*
.********,,,,*
#....#,,,* .,,,** **,,**
#h...#,,,* ,,,,,* *,,,,*
#Y####,,,* ,,,,,* **,,,*
#@# ***** ,,,,,* **,**
### ,,,,,* **,* <,,,,*
*,** ,,,,,* **,* ,,,,,*
*,** ,,,,,* **+** ,,>,,*
*,,,* ****** *,,,*


You could see an ice beast and a hound.

Vanquished Creatures
  A necrophage (D:6)
  A centaur (D:6)
  A hound (D:6)
  An adder (D:6)
4 creatures vanquished.

Notes
Turn   | Place    | Note
-------+----------+-------------------------------------------
     0 | D:5      | Strat the Minotaur Delver began the quest for the Orb.
     0 | D:5      | Reached XP level 1. HP: 19/19 MP: 0/0
    71 | D:4      | Noticed an orc warrior
    71 | D:4      | Noticed an ogre
    80 | D:5      | Noticed an ogre
   150 | D:6      | Noticed a centaur
   161 | D:6      | Killed a centaur
   162 | D:6      | Reached skill level 4 in Axes
   162 | D:6      | Reached XP level 2. HP: 15/27 MP: 1/1
   162 | D:6      | Reached XP level 3. HP: 18/33 MP: 2/2
   162 | D:6      | Reached XP level 4. HP: 22/40 MP: 3/3
   188 | D:6      | Noticed a necrophage
   192 | D:6      | Noticed a sky beast
   206 | D:6      | Killed a necrophage
   207 | D:6      | Reached skill level 6 in Axes
   207 | D:6      | Reached XP level 5. HP: 14/46 MP: 4/4
   255 | D:6      | Noticed an ice beast
   277 | D:6      | Mangled by an ice beast

Illustrated notes

Levels and vault maps discovered:
D:4:      layout_rooms, zin_purify, serial_bayou_pond_d, minmay_surrounded
D:5:      layout_basic, nicolae_sif_muna_condensation,
          nicolae_hepliaklqana_hazy_memory, minmay_temple_entry_slanted,
          kennysheep_generic_room_4
D:6:      minmay_opposing_rooms, layout_rooms, uniq_crazy_yiuf_cottage,
          uniq_sigmund

Skill      XL: |  1  2  3  4 |
---------------+-------------+-----
Fighting       | 4 |  4.3
Axes           | 4 6 |  6.2
Armour         | 2 |  2.0
Dodging        | |  2.1
Stealth        | |  4.1

Action                   |  1- 3 |  4- 6 || total
-------------------------+-------+-------++-------
Melee: Hand axe          |     8 |    17 ||    25
       Headbutt          |     1 |     4 ||     5
  Use: Scroll            |       |     1 ||     1
       Potion            |       |     1 ||     1
 Stab: Sleeping          |     1 |     1 ||     2
Armor: Leather armour    |     4 |     2 ||     6
Dodge: Dodged            |    13 |    11 ||    24
